 Dungeon Crawl Stone Soup version 0.31.0-11-ge490571c62 (webtiles) character file.

Game seed: 17050901672432699913

884 Gadfly the Ruffian (level 7, -6/52 HPs)
             Began as a Demonspawn Shapeshifter on Jan 26, 2024.
             Was an Initiate of Ru.
             Mangled by a gnoll
             ... wielding a +0 halberd
             ... led by a gnoll sergeant
              (11 damage)
             ... on level 5 of the Dungeon.
             The game lasted 00:07:22 (4996 turns).

Gadfly the Ruffian (Demonspawn Shapeshifter)        Turns: 4996, Time: 00:07:22

Health: -6/52      AC:  4    Str: 16    XL:     7   Next: 76%
Magic:  7/7        EV: 13    Int: 11    God:    Ru [......]
Gold:   280        SH:  0    Dex: 12    Spells: 6/6 levels left

rFire   . . .        b - +1 short sword (elec)
rCold   . . .        (no shield)
rNeg    . . .        a - +0 animal skin
rPois   .            e - melded +0 hat
rElec   .            l - melded +1 cloak
rCorr   .            (gloves currently unavailable)
SInv    .            (boots currently unavailable)
Will    .....        (no amulet)
Stlth   +            (no ring)
HPRegen 0.28/turn    (no ring)
MPRegen 0.10/turn

%: no passive effects
@: beast-form
A: beast (slay +2), horns 1, sharp scales 2
a: Begin Untransformation, Renounce Religion


You were on level 5 of the Dungeon.
You worshipped Ru.
Ru was noncommittal.
You were a hulking beast.
You visited 2 branches of the dungeon, and saw 6 of its levels.

You collected 280 gold pieces.

Inventory:

Hand Weapons
 b - a +1 short sword of electrocution (weapon)
 m - a +0 rapier of flaming
Armour
 a - a +0 animal skin (worn)
 e - a +0 hat (melded)
 l - a +1 cloak (melded)
Jewellery
 p - a ring of ice
 r - a ring of magical power
Talismans
 c - a beast talisman (active)
 d - a flux talisman
Wands
 h - a wand of quicksilver (11)
Scrolls
 f - 2 scrolls of fear
 v - a scroll of immolation {unknown}
Potions
 g - 2 potions of berserk rage
 i - a potion of enlightenment
 j - a potion of attraction {unknown}
 k - a potion of haste
 n - a potion of lignification
 o - a potion of curing
 q - a potion of ambrosia {unknown}
 s - a potion of might {unknown}
 t - a potion of invisibility {unknown}
 u - a potion of magic {unknown}


   Skills:
 + Level 3.3 Fighting
 + Level 4.2 Dodging
 * Level 4.4 Unarmed Combat
 + Level 3.9 Evocations
 * Level 4.1 Shapeshifting


You had 6 spell levels left.
You didn't know any spells.
Your spell library contained the following spells:

 Spells                   Type           Power      Damage    Failure   Level
 Blink                    Tloc           0%         N/A       47%         2
 Ensorcelled Hibernation  Hex/Ice        0%         N/A       47%         2
 Lesser Beckoning         Tloc           0%         N/A       47%         2
 Momentum Strike          Conj/Tloc      0%         3d8       47%         2
 Passwall                 Erth           0%         N/A       71%         3
 Summon Ice Beast         Ice/Summ       0%         N/A       71%         3
 Swiftness                Air            0%         N/A       71%         3
 Summon Mana Viper        Hex/Summ       0%         N/A       100%        5
 Monstrous Menagerie      Summ           0%         N/A       100%        7


Dungeon Overview and Level Annotations

Branches:
Dungeon (5/15)             Temple (1/1) D:5

Altars:
Ashenzari
Cheibriados
Dithmenos
Fedhas
Hepliaklqana
Kikubaaqudgha
Nemelex Xobeh
Qazlal
Ru
Sif Muna
Uskayaw
Xom
Yredelemnul

Shops:
D:2 :   D:4 =

Annotations:
D:3 3 runed translucent doors, Cheez's ghost, amateur GnWn; DeathSocks's ghost, amateur BaHu; TheBioAlchemist's ghost, amateur GrEE; michknight7's ghost, weakling MiFi; mitya21's ghost, amateur MiFi


Innate Abilities, Weirdness & Mutations

You are a hulking beast.
Your limbs bulge with bestial killing power. (Slay +2)
You have a pair of small horns on your head.
You are mostly covered in razor-sharp scales. (AC +2, Slay +2)


Message History

You closely miss the gnoll sergeant.
The gnoll sergeant is severely wounded.
The gnoll sergeant misses you.
You hit the gnoll sergeant.
The gnoll sergeant is severely wounded.
The gnoll sergeant hits you with a +0 spear!
You are too injured to fight recklessly!
You are too injured to fight recklessly!
You are too injured to fight recklessly!
You are too injured to fight recklessly!
You are too injured to fight recklessly!
You are too injured to fight recklessly!
You are too injured to fight recklessly!
You are too injured to fight recklessly!
You are too injured to fight recklessly!
You are too injured to fight recklessly!
You are too injured to fight recklessly!
You are too injured to fight recklessly!
You are too injured to fight recklessly!
Unknown command.
You hit the gnoll sergeant.
The gnoll sergeant is almost dead.
The gnoll completely misses you. The gnoll sergeant barely misses you.
You hit the gnoll sergeant.
The gnoll sergeant is almost dead.
The gnoll hits you from afar with a +0 halberd.
The gnoll sergeant hits you but does no damage.
You closely miss the gnoll sergeant.
The gnoll sergeant is almost dead.
The gnoll hits you from afar with a +0 halberd.
* * * LOW HITPOINT WARNING * * *
The gnoll sergeant misses you.
You hit the gnoll sergeant but do no damage.
You headbutt the gnoll sergeant.
You kill the gnoll sergeant!
The gnoll hits you from afar with a +0 halberd!
* * * LOW HITPOINT WARNING * * *
The gnoll attacks as it pursues you!
The gnoll hits you from afar with a +0 halberd!
You die...

##...............####.)##..
###.............####†##...
###.###..#.....##..##...
##..#..#.........##...
##.....#.........##...
###.....................
.....#888#.#.####.......
#....8...8.### #...#...
#....8.h.g...####.#.#...
##...8...8..............
.....#888#....##.....#.#
.......##.......#....#.#
#...##...........#..#..#
##. #..##.......###.... #
#..........###.....
....#......#..#..... ..#
###...#....#....


You could see a gnoll.

Vanquished Creatures
  Eustachio (D:4)
  A black bear (D:4)
  2 ogres
  A bullfrog (D:4)
  A gnoll sergeant (D:5)
  A bombardier beetle (D:5)
  3 hounds
  A jelly (D:4)
  An orc priest (D:4)
  A sleepcap (D:4)
  2 gnolls (Temple)
  4 adders
  A dart slug (D:1)
  4 orcs
  9 ball pythons
  6 endoplasms
  2 giant cockroaches
  6 goblins
  13 hobgoblins
  10 kobolds
  5 quokkas
  6 bats
  3 frilled lizards
  7 rats
91 creatures vanquished.

Notes
Turn   | Place    | Note
-------+----------+-------------------------------------------
     0 | D:1      | Gadfly the Demonspawn Shapeshifter began the quest for the
                  | Orb.
     0 | D:1      | Reached XP level 1. HP: 15/15 MP: 1/1
   172 | D:1      | Gained mutation: You are partially covered in razor-sharp
                  | scales. (AC +1, Slay +1) [demonic ancestry]
   172 | D:1      | Reached XP level 2. HP: 17/21 MP: 2/2
   259 | D:1      | Reached skill level 1 in Evocations
   668 | D:1      | Gained mutation: You are mostly covered in razor-sharp
                  | scales. (AC +2, Slay +2) [demonic ancestry]
   668 | D:1      | Reached XP level 3. HP: 26/26 MP: 3/3
  1189 | D:2      | Found Xifiug's Book Boutique.
  1322 | D:2      | Reached XP level 4. HP: 21/33 MP: 4/4
  2014 | D:3      | Noticed an ogre
  2018 | D:3      | Killed an ogre
  2019 | D:3      | Gained mutation: You have a pair of small horns on your
                  | head. [demonic ancestry]
  2019 | D:3      | Reached XP level 5. HP: 38/38 MP: 5/5
  2265 | D:3      | Found a runed translucent gate.
  2265 | D:3      | Found a runed translucent gate.
  2267 | D:3      | Found a runed translucent gate.
  2267 | D:3      | Noticed DeathSocks's ghost (amateur BaHu)
  2267 | D:3      | Noticed TheBioAlchemist's ghost (amateur GrEE)
  2268 | D:3      | Noticed mitya21's ghost (amateur MiFi)
  2268 | D:3      | Noticed Cheez's ghost (amateur GnWn)
  2269 | D:3      | Noticed michknight7's ghost (weakling MiFi)
  2641 | D:3      | Found a sparkling altar of Nemelex Xobeh.
  2884 | D:4      | Found Moekavo's Jewellery Shop.
  2991 | D:4      | Noticed an ogre
  2995 | D:4      | Reached XP level 6. HP: 44/46 MP: 6/6
  3783 | D:4      | Noticed Eustachio
  3818 | D:4      | Reached XP level 7. HP: 43/51 MP: 7/7
  3820 | D:4      | Killed Eustachio
  4324 | D:5      | Entered Level 5 of the Dungeon
  4408 | D:5      | Found a staircase to the Ecumenical Temple.
  4481 | Temple   | Entered the Ecumenical Temple
  4492 | Temple   | Became a worshipper of Ru the Awakened
  4996 | D:5      | Mangled by a gnoll

Illustrated notes

Levels and vault maps discovered:
D:1:      mainiacjoe_arrival_oval_in_oval, layout_basic, minmay_pentomino_w2
D:2:      layout_rooms, serial_shops, nicolae_lakefront_shop,
          kennysheep_generic_room_6
D:3:      layout_basic, lemuel_coloured_pillars_altar, gammafunk_ghost_cemetery,
          minivault_23, st_stairs_14
D:4:      layout_basic, serial_shops, shop, minivault_1, grunt_decor_cap,
          hangedman_decor_push, uniq_eustachio
D:5:      layout_cave_pools, minmay_temple_entry_statues, minmay_misc_feat_chi
Temple:   nicolae_temple_great_sept

Skill      XL: |  1  2  3  4  5  6  7 |
---------------+----------------------+-----
Dodging        | 2 3 4 |  4.2
Evocations     | 1 2 3 |  3.9
Unarmed Combat | 3 4 |  4.4
Fighting       | 2 3 |  3.3
Shapeshifting  | 3 4 |  4.1

Action                     |  1- 3 |  4- 6 |  7- 9 || total
---------------------------+-------+-------+-------++-------
  Melee: Unarmed           |   114 |    32 |       ||   146
         Punch             |     1 |     2 |     2 ||     5
         Short sword       |       |    87 |    41 ||   128
         Headbutt          |       |    12 |     8 ||    20
Ability: Begin Untransform |     1 |     1 |       ||     2
    Use: Scroll            |     4 |     5 |     3 ||    12
         Potion            |     1 |       |       ||     1
   Stab: Sleeping          |     1 |     3 |       ||     4
 Armour: Animal skin       |    70 |    71 |    30 ||   171
  Dodge: Dodged            |    67 |    93 |    29 ||   189
   Form: Beast             |     1 |     1 |       ||     2
